 Dungeon Crawl Stone Soup version 0.19.4-10-g532645f (webtiles) character file.

4556 Magnus the Carver (level 10, 0/70 HPs)
             Began as a Demonspawn Abyssal Knight on Feb 25, 2017.
             Was an Elder of Lugonu.
             Slain by a 12-headed hydra (6 damage)
             ... on level 8 of the Dungeon.
             The game lasted 00:24:02 (11408 turns).

Magnus the Carver (Demonspawn Abyssal Knight)      Turns: 11408, Time: 00:24:03

Health: 0/70       AC: 15    Str: 12    XL:     10   Next: 18%
Magic:  14/14      EV: 11    Int: 16    God:    Lugonu [****..]
Gold:   124        SH:  0    Dex: 20    Spells: 0 memorised, 9 levels left

rFire  . . .     SeeInvis .     L - +2 scimitar (freeze)
rCold  + + .     Gourm    .     C - +3 leather armour {rC+}
rNeg   . . .     Faith    .     (no shield)
rPois  .         Spirit   .     j - +2 helmet {Int+3}
rElec  .         Reflect  .     (no cloak)
rCorr  .         Harm     .     G - +2 pair of gloves {Dex+3}
MR     .....                    (no boots)
Stlth  ++........               (no amulet)
                                (no ring)
                                (no ring)

@: no status effects
A: thin metallic scales 2, cold resistance 1, spiny 1, freezing cloud immunity
a: Depart the Abyss, Bend Space, Banish, Corrupt, Renounce Religion


You were on level 8 of the Dungeon.
You worshipped Lugonu.
Lugonu was greatly pleased with you.
You were not hungry.

You visited 1 branch of the dungeon, and saw 8 of its levels.
You visited the Abyss 1 time.

You collected 434 gold pieces.
You spent 310 gold pieces at shops.

Inventory:

Hand Weapons
 a - a +2 falchion
 D - a +4 scimitar of draining
 E - the +8 dagger of Temperance {freeze, rF+, unknown}
   (You found it on level 6 of the Dungeon)

   It has been specially enchanted to freeze those struck by it, causing extra
   injury to most foes and up to half again as much damage against particularly
   susceptible opponents.
   It can also slow down cold-blooded creatures.
   It protects you from fire.
 L - a +2 scimitar of freezing (weapon)
Armour
 j - a +2 helmet of intelligence (worn)
 C - a +3 leather armour of cold resistance (worn)
 G - a +2 pair of gloves of dexterity (worn)
Jewellery
 e - an uncursed amulet of harm {unknown}
Wands
 q - a wand of acid (3/15)
 r - a wand of digging (16/24)
 B - a wand of flame (28/48)
 F - a wand of random effects (20/48)
Scrolls
 d - 2 scrolls of enchant armour
 f - 8 scrolls of remove curse
 g - 8 scrolls of identify
 h - 3 scrolls of amnesia
 m - 2 scrolls of teleportation
 n - a scroll of fog {unknown}
 s - a scroll of immolation {unknown}
 w - a scroll of recharging {unknown}
 y - 2 scrolls of fear
 J - a scroll of blinking {unknown}
Potions
 b - 2 potions of agility {unknown}
 i - a potion of experience {unknown}
 k - 2 potions of haste {unknown}
 l - 4 potions of curing
 o - 2 potions of resistance {unknown}
 p - a potion of invisibility {unknown}
 u - a potion of berserk rage {unknown}
 v - a potion of ambrosia {unknown}
 x - a potion of flight {unknown}
 z - a potion of lignification {unknown}
 A - a potion of mutation {unknown}
Comestibles
 c - 7 bread rations
 t - 5 beef jerkies
 H - a meat ration
 I - 7 slices of pizza
 K - a chunk of flesh


   Skills:
 - Level 3.0 Fighting
 + Level 12.8 Long Blades
 - Level 1.7 Armour
 - Level 0.8 Dodging
 - Level 6.2 Invocations


You had 9 spell levels left.
You didn't know any spells.

Dungeon Overview and Level Annotations

Branches:
Dungeon (8/15)             Temple (0/1) D:6
   Lair: D:8-11

Altars:

Shops:
D:4 =   D:7 (

Annotations:
D:3 vilekko's ghost, amateur MiFi


Innate Abilities, Weirdness & Mutations

You are mostly covered in thin metallic scales. (AC +3)
Your flesh is cold resistant. (rC+)
You are partially covered in sharp spines.
You are immune to freezing clouds.


Message History

The 12-headed hydra closely misses you. The 12-headed hydra bites you.
* * * LOW HITPOINT WARNING * * *
The 12-headed hydra bites you but does no damage.
The 12-headed hydra bites you.
* * * LOW HITPOINT WARNING * * *
The 12-headed hydra bites you.
* * * LOW HITPOINT WARNING * * *
The 12-headed hydra bites you but does no damage. x2
The 12-headed hydra barely misses you.
Press: ? - help, Shift-Dir - straight line, f - 12-headed hydra
Aim: a 12-headed hydra (lightly wounded, slow, chance to defeat MR: 53%)
You fail to use your ability.
Press: ? - help, Shift-Dir - straight line, f/p - 12-headed hydra
Aim: a 12-headed hydra (lightly wounded, slow, chance to defeat MR: 53%)
You fail to use your ability.
The 12-headed hydra bites you but does no damage.
The 12-headed hydra bites you!
* * * LOW HITPOINT WARNING * * *
The 12-headed hydra barely misses you. The 12-headed hydra bites you.
You die...

###### ##.88.# #...8.##
############# ######....P.#
#...........# #...........#
#............ #...........#
#............
#...†......#####......))....
#..........@D...............
#..........##...............
#..........##...............
#.....<....##...#+#########.
#..........##...#.#
##..#############.# #..# #.#
#..# #.# ##### #..##### #.#
#...#


You could see a 12-headed hydra.

Vanquished Creatures
  A slime creature (D:7)
  3 hogs (D:7)
  A human (D:7)
  A yak (D:7)
  A water moccasin (D:5)
  3 sky beasts
  A black bear (D:5)
  2 necrophages
  An ice beast (D:8)
  5 ogres
  A phantom (D:7)
  2 centaurs
  A big kobold (D:7)
  A wyvern zombie (D:8)
  A wyvern skeleton (D:7)
  10 jellies
  3 scorpions
  A wight (D:8)
  A howler monkey (D:7)
  2 crimson imps
  2 bullfrog zombies
  3 hounds
  4 orc priests
  A bullfrog skeleton (D:4)
  2 centaur skeletons (D:8)
  2 iguanas
  6 orc wizards
  3 worker ants (D:4)
  2 mummies (D:8)
  3 gnolls (D:8)
  8 adders
  A river rat (D:6)
  A shadow imp (D:8)
  14 oozes
  An adder zombie (D:8)
  An adder skeleton (D:5)
  A worm (D:2)
  7 leopard geckos
  34 orcs
  A bat zombie (D:1)
  10 giant cockroaches
  8 goblins
  9 hobgoblins
  9 jackals
  3 quokkas
  4 ball pythons
  2 bats
  5 frilled lizards
  A jackal zombie (D:5)
  10 kobolds
  A leopard gecko skeleton (D:8)
  2 leopard gecko zombies (D:1)
  A quokka skeleton (D:4)
  9 rats
213 creatures vanquished.

Vanquished Creatures (others)
  The ghost of vilekko the Fighter, a novice MiFi (D:6)
  An orc warrior (D:6)
  7 fungi (D:7)
9 creatures vanquished.

Grand Total: 222 creatures vanquished

Notes
Turn   | Place    | Note
-------+----------+-------------------------------------------
     0 | Abyss:1  | Magnus the Demonspawn Abyssal Knight began the quest for the Orb.
     0 | Abyss:1  | Reached XP level 1. HP: 18/18 MP: 2/2
    36 | Abyss:1  | Found a shadowy altar of Dithmenos.
    74 | Abyss:1  | Found a corrupted altar of Lugonu.
   185 | Abyss:1  | Noticed a chaos spawn
   186 | D:1      | Escaped the Abyss
   222 | D:1      | Reached skill level 2 in Long Blades
   348 | D:1      | Reached * piety under Lugonu
   348 | D:1      | Gained mutation: You are partially covered in thin metallic scales. (AC +2) [demonic ancestry]
   348 | D:1      | Reached XP level 2. HP: 16/24 MP: 3/3
   355 | D:1      | HP: 1/24 [jackal (3)]
   758 | D:1      | Reached skill level 3 in Long Blades
  1031 | D:1      | Gained mutation: You are mostly covered in thin metallic scales. (AC +3) [demonic ancestry]
  1031 | D:1      | Reached XP level 3. HP: 25/29 MP: 4/4
  1951 | D:2      | Reached ** piety under Lugonu
  2209 | D:2      | Reached skill level 4 in Long Blades
  2209 | D:2      | Reached XP level 4. HP: 25/35 MP: 5/5
  2984 | D:3      | Noticed vilekko's ghost (amateur MiFi)
  3642 | D:3      | Found a faded altar of an unknown god.
  3843 | D:4      | Reached XP level 5. HP: 39/41 MP: 6/6
  4203 | D:4      | Reached skill level 5 in Long Blades
  4889 | D:4      | Gained mutation: You are partially covered in sharp spines. [demonic ancestry]
  4889 | D:4      | Reached XP level 6. HP: 39/47 MP: 7/7
  5266 | D:4      | Reached skill level 6 in Long Blades
  5572 | D:4      | Found Tovar's Jewellery Boutique.
  6091 | D:5      | Entered Level 5 of the Dungeon
  6166 | D:5      | Reached *** piety under Lugonu
  6167 | D:5      | Reached skill level 7 in Long Blades
  6167 | D:5      | Gained mutation: Your flesh is cold resistant. (rC+) [demonic ancestry]
  6167 | D:5      | Reached XP level 7. HP: 42/52 MP: 8/8
  7638 | D:6      | Found a staircase to the Ecumenical Temple.
  7734 | D:5      | Reached skill level 5 in Invocations
  7796 | D:6      | Reached skill level 8 in Long Blades
  7796 | D:6      | Reached XP level 8. HP: 26/58 MP: 10/12
  8249 | D:6      | Noticed vilekko's ghost (novice MiFi)
  8292 | D:6      | Banished vilekko's ghost
  8292 | D:6      | Reached skill level 9 in Long Blades
  9154 | D:6      | Reached skill level 10 in Long Blades
  9393 | D:6      | Gained mutation: You are immune to freezing clouds. [demonic ancestry]
  9393 | D:6      | Reached XP level 9. HP: 63/63 MP: 13/13
  9677 | D:7      | Found Deuxtorulu's Antique Weapon Shoppe.
  9682 | D:7      | Bought a runed scimitar for 310 gold pieces
  9869 | D:7      | Reached skill level 11 in Long Blades
  9988 | D:7      | Reached **** piety under Lugonu
 10118 | D:7      | Reached skill level 12 in Long Blades
 10283 | D:6      | Got a bloodstained dagger
 10801 | D:8      | Reached XP level 10. HP: 70/70 MP: 14/14
 11387 | D:8      | Noticed an eight-headed hydra
 11408 | D:8      | Slain by a 12-headed hydra

Skill      XL: |  1  2  3  4  5  6  7  8  9 |
---------------+----------------------------+-----
Long Blades    | 2 3 4 5 7 8 10 12 | 12.8
Invocations    | 5 6 |  6.2
Fighting       | |  3.0
Armour         | |  1.7
Dodging        | |  0.8

Action                   |  1- 3 |  4- 6 |  7- 9 | 10-12 || total
-------------------------+-------+-------+-------+-------++-------
Melee: Falchion          |   181 |   211 |   178 |       ||   570
       Scimitar          |       |       |   116 |    54 ||   170
Invok: Depart the Abyss  |     1 |       |       |       ||     1
       Banish            |       |       |     3 |       ||     3
  Use: Scroll            |       |       |     7 |       ||     7
 Stab: Sleeping          |     1 |     1 |       |       ||     2
       Distracted        |       |     1 |       |       ||     1
  Eat: Chunk             |     4 |    11 |     7 |     2 ||    24
       Pizza             |       |     1 |       |       ||     1
       Royal jelly       |       |       |     2 |       ||     2
       Meat ration       |       |       |     1 |       ||     1
Armor: Leather armour    |    80 |    69 |    91 |    18 ||   258
Dodge: Dodged            |   120 |   114 |   106 |    22 ||   362
       Rpst.: Falchion   |    39 |    30 |    22 |       ||    91
       Scimitar          |       |       |    10 |     4 ||    14
